 Dungeon Crawl Stone Soup version 0.20-a0-1017-gc3250ce (webtiles) character file.

231 Magifyre the Skirmisher (level 6, -5/39 HPs)
             Began as a Gargoyle Fighter on Apr 16, 2017.
             Slain by Caerwyn's ghost (13 damage)
             ... on level 3 of the Dungeon.
             The game lasted 00:05:21 (2133 turns).

Magifyre the Skirmisher (Gargoyle Fighter)          Turns: 2133, Time: 00:05:21

Health: -5/39      AC: 11    Str: 19    XL:     6   Next: 4%
Magic:  6/6        EV:  7    Int: 13    God:
Gold:   191        SH:  9    Dex: 11    Spells: 5/5 levels left

rFire    . . .     SeeInvis .   a - +0 flail
rCold    . . .     Gourm    .   c - +0 shield
rNeg     + . .     Faith    .   b - +0 scale mail
rPois    ∞         Spirit   .   (no helmet)
rElec    +         Reflect  .   (no cloak)
rCorr    .         Harm     .   (no gloves)
MR       .....                  (no boots)
Stlth    ..........             (no amulet)
Regen    0.2/turn               r - +4 ring of intelligence
MPRegen  0.1/turn               u - ring of flight

@: no status effects
A: negative energy resistance 1, electricity resistance, unbreathing,
petrification resistance, rot immunity, AC +4
a: Evoke Flight


You were on level 3 of the Dungeon.
You were hungry.

You visited 1 branch of the dungeon, and saw 3 of its levels.

You collected 191 gold pieces.

Inventory:

Hand Weapons
 a - a +0 flail (weapon)
Armour
 b - a +0 scale mail (worn)
 c - a +0 shield (worn)
Jewellery
 r - a +4 ring of intelligence (left hand)
 u - a ring of flight (right hand)
Wands
 v - a wand of polymorph (5/24)
Scrolls
 e - a scroll of enchant weapon {unknown}
 g - a scroll of blinking {unknown}
 h - a scroll of teleportation {unknown}
 k - a scroll of fog {unknown}
 l - 7 scrolls of identify {unknown}
 o - a scroll of magic mapping {unknown}
 w - a scroll of random uselessness {unknown}
 x - a scroll of recharging {unknown}
Potions
 d - 2 potions of might
 i - 3 potions of curing {unknown}
 m - a potion of haste {unknown}
 n - 2 potions of degeneration {unknown}
 p - a potion of lignification {unknown}
 t - a potion of flight {unknown}
Comestibles
 f - 2 bread rations
 j - 4 chunks of flesh
 q - 3 meat rations
 s - 2 royal jellies


   Skills:
 + Level 4.3 Fighting
 * Level 4.1 Maces & Flails
 + Level 4.2 Armour
 + Level 4.2 Shields


You had 5 spell levels left.
You didn't know any spells.

Dungeon Overview and Level Annotations

Branches:
Dungeon (3/15)

Altars:
Cheibriados

Annotations:
D:3 Caerwyn's ghost, amateur DDHu


Innate Abilities, Weirdness & Mutations

You are resistant to torment.
Your stone body is resilient. (AC +4)
You are immune to poison.
You resist negative energy. (rN+)
You are resistant to electric shocks. (rElec)
You can survive without breathing.
You are immune to petrification.
You are immune to rotting.


Message History

You block Caerwyn's ghost's attack.
You barely miss Caerwyn's ghost.
Caerwyn's ghost is moderately damaged.
Caerwyn's ghost hits you.
You hit Caerwyn's ghost.
Caerwyn's ghost is moderately damaged.
You are feeling hungry.
You block Caerwyn's ghost's attack. Caerwyn's ghost hits you!
* * * LOW HITPOINT WARNING * * *
You hit Caerwyn's ghost.
Caerwyn's ghost is moderately damaged.
Caerwyn's ghost hits you.
* * * LOW HITPOINT WARNING * * *
You hit Caerwyn's ghost but do no damage.
Caerwyn's ghost is moderately damaged.
Caerwyn's ghost hits you but does no damage.
You hit Caerwyn's ghost but do no damage.
Caerwyn's ghost is moderately damaged.
Caerwyn's ghost hits you!
You die...

. #......#.......#............. .
#......#.......#.##.......#.#
.####...$..###'###.#.#..<).###...
....#......###'###.#.....#.# #...
....#...........#....#...#.###...
.%..#####.......#..).#...........
....#####............#...#.###...
....##.........#.###.#..#........
...............W@....#.......####
....##..........######.##....####
##...#.................#####.....
#...##....####.#.......#........
##...##....####.#.......#.......(
.....'...........................
.....##.....####.................
.....####...#................####
...######...#..........#.....#


You could see Caerwyn's ghost.

Vanquished Creatures
  Sigmund (D:3)
  3 adders
  A dart slug (D:2)
  A worm (D:2)
  2 leopard geckos (D:3)
  2 orcs
  7 goblins
  5 hobgoblins
  11 bats
  6 frilled lizards
  9 kobolds
  6 rats
54 creatures vanquished.

Notes
Turn   | Place    | Note
-------+----------+-------------------------------------------
     0 | D:1      | Magifyre the Gargoyle Fighter began the quest for the Orb.
     0 | D:1      | Reached XP level 1. HP: 14/14 MP: 1/1
   197 | D:1      | Reached XP level 2. HP: 12/19 MP: 2/2
   885 | D:2      | Reached XP level 3. HP: 23/23 MP: 3/3
   977 | D:2      | Found a snail-covered altar of Cheibriados.
  1389 | D:3      | Reached XP level 4. HP: 26/29 MP: 4/4
  1422 | D:3      | Noticed Caerwyn's ghost (amateur DDHu)
  1771 | D:3      | Noticed Sigmund
  1849 | D:3      | Killed Sigmund
  1849 | D:3      | Reached XP level 5. HP: 22/34 MP: 5/5
  2042 | D:3      | Reached XP level 6. HP: 38/39 MP: 6/6
  2133 | D:3      | Slain by Caerwyn's ghost

Vault maps used:
D:1:      dpeg_arrival_simpleton_c
D:2:      kennysheep_slug_shrine, kennysheep_minor_cross
D:3:      uniq_sigmund

Skill      XL: |  1  2  3  4 |
---------------+-------------+-----
Maces & Flails | 4 |  4.1
Fighting       | 4 |  4.3
Armour         | 4 |  4.2
Shields        | 4 |  4.2

Action                   |  1- 3 |  4- 6 || total
-------------------------+-------+-------++-------
Melee: Flail             |   169 |    78 ||   247
  Eat: Chunk             |     2 |     2 ||     4
Armor: Scale mail        |   111 |    38 ||   149
Dodge: Dodged            |    52 |    22 ||    74
Block: Shield            |    97 |    42 ||   139
